 Dungeon Crawl Stone Soup version 0.32-a0-391-gce5c0aab1b (webtiles) character file.

Game seed: 13760769193605995920

3226 Zeldest the Carver (level 9, -3/72 HPs)
             Began as a Coglin Gladiator on Feb 20, 2024.
             Slain by Erica
             ... wielding a +0 scimitar of flaming
              (12 damage)
             ... on level 8 of the Dungeon.
             The game lasted 00:07:07 (6003 turns).

Zeldest the Carver (Coglin Gladiator)               Turns: 6003, Time: 00:07:08

Health: -3/72      AC:  9    Str: 14    XL:     9   Next: 98%
Magic:  9/9        EV: 11    Int:  9    God:
Gold:   445        SH:  0    Dex: 19    Spells: 8/8 levels left

rFire   . . .        i - +6 scimitar {Qiuyue}
rCold   . . .        p - +1 hammer (protect) {Esteban}
rNeg    . . .        B - +0 swamp dragon scales
rPois   +            c - +0 helmet
rElec   .            q - +0 cloak
rCorr   .            (no gloves)
SInv    .            (no boots)
Will    .....        (no amulet)
Stlth   +            (no ring)
HPRegen 0.32/turn    (no ring)
MPRegen 0.11/turn

%: no passive effects
@: slowed, constricted, revved, stiff-legged, very slow
A: off-hand wielding, slow wielding, warmup strikes, warmup strides
a: no special abilities


You were on level 8 of the Dungeon.
You visited 2 branches of the dungeon, and saw 9 of its levels.

You collected 445 gold pieces.

Inventory:

Hand Weapons
 i - a +6 scimitar (weapon) {Qiuyue}
 o - a +1 hammer of draining {Shu}
 p - a +1 hammer of protection (worn) {Esteban}
Missiles
 d - 3 throwing nets
 e - 7 javelins
 u - 8 curare-tipped darts (quivered)
Armour
 c - a +0 helmet (worn)
 q - a +0 cloak (worn)
 B - +0 swamp dragon scales (worn)
Jewellery
 a - a ring of flight
 f - a ring of wizardry
 y - an amulet of guardian spirit
Wands
 h - a wand of polymorph (22)
 A - a wand of iceblast (10)
Scrolls
 b - a scroll of blinking {unknown}
 j - 12 scrolls of identify {unknown}
 k - 4 scrolls of noise
 l - 2 scrolls of summoning {unknown}
 n - a scroll of amnesia {unknown}
 s - 2 scrolls of fear {unknown}
 v - 3 scrolls of immolation {unknown}
 x - a scroll of acquirement {unknown}
 D - a scroll of enchant armour {unknown}
 E - 2 scrolls of vulnerability {unknown}
Potions
 g - a potion of lignification {unknown}
 m - 2 potions of brilliance {unknown}
 r - 2 potions of enlightenment
 t - 2 potions of curing
 w - 2 potions of attraction {unknown}
 z - 2 potions of cancellation {unknown}
 C - a potion of mutation {unknown}


   Skills:
 + Level 7.1 Fighting
 * Level 9.2 Long Blades
 - Level 3.7 Maces & Flails
 - Level 1.7 Throwing
 + Level 6.8 Dodging


You had 8 spell levels left.
You didn't know any spells.
Your spell library contained the following spells:

 Spells                   Type           Power      Damage    Failure   Level
 Magic Dart               Conj           0%         1d3       63%         1
 Blink                    Tloc           0%         N/A       77%         2
 Call Imp                 Summ           0%         N/A       77%         2
 Ensorcelled Hibernation  Hex/Ice        0%         N/A       77%         2
 Jinxbite                 Hex            0%         N/A       77%         2
 Lesser Beckoning         Tloc           0%         N/A       77%         2
 Searing Ray              Conj           0%         2d4       77%         2
 Fugue of the Fallen      Necr           0%         N/A       94%         3
 Gell's Gravitas          Tloc           0%         N/A       94%         3
 Inner Flame              Hex/Fire       0%         N/A       94%         3
 Teleport Other           Tloc           0%         N/A       94%         3
 Anguish                  Hex/Necr       0%         N/A       100%        4
 Fulminant Prism          Conj/Alch      0%         3d5       100%        4
 Irradiate                Conj/Alch      0%         3d11      100%        5
 Yara's Violent Unravell  Hex/Alch       0%         3d3       100%        5
 Enfeeble                 Hex            0%         N/A       100%        7
 Ignition                 Fire           0%         3d3       100%        8


Dungeon Overview and Level Annotations

Branches:
Dungeon (8/15) Zot: 26537  Temple (1/1) D:4 Zot: 5932
   Lair: D:8-11

Altars:
Ashenzari
Cheibriados
Dithmenos
Elyvilon
Fedhas
Kikubaaqudgha
Makhleb
Nemelex Xobeh
Okawaru
Qazlal
Ru
Trog
Uskayaw
Vehumet
Wu Jian
Xom
Yredelemnul
Zin
The Shining One

Annotations:
D:5 2 transporters
D:8 Erica


Innate Abilities, Weirdness & Mutations

You can wield a second weapon in your off-hand.
It takes a long time for you to wield or remove held weapons.
Your first few attacks do less damage.
Your first movements take longer.


Message History

Your weapon exudes an aura of protection.
The fire bat is heavily wounded.
You closely miss the fire bat with your +6 scimitar.
The fire bat bites you but does no damage.
The fire bat closely misses you.
You closely miss the fire bat with your +1 hammer of protection.
The fire bat is heavily wounded.
You slash the fire bat with your +6 scimitar!
The fire bat bites you but does no damage. x2
The fire bat completely misses you.
You hit the fire bat with your +6 scimitar.
You kill the fire bat!
The orc warrior returns to its original shape as it dies.
Something barely misses you. x2
You slash something with your +6 scimitar!
You hit something with your +1 hammer of protection.
Your weapon exudes an aura of protection.
You hear some strange, mumbled words.
You feel as though you will be slow longer.
You closely miss something with your +1 hammer of protection.
You slash something with your +6 scimitar!
You hear some strange, mumbled words.
A bolt of poison appears from out of thin air!
The bolt of poison hits you.
You are poisoned.
You resist. Something hits you!
* * * LOW HITPOINT WARNING * * *
Something burns you.
* * * LOW HITPOINT WARNING * * *
Something grabs you.
You are constricted.
* * * LOW HITPOINT WARNING * * *
You hear some strange, mumbled words.
You feel better. Something hits you.
* * * LOW HITPOINT WARNING * * *
Something burns you.
* * * LOW HITPOINT WARNING * * *
You are constricted.
* * * LOW HITPOINT WARNING * * *
Something hits you!
You die...

##...###.####........#
#...........#..###.#.#
##.#.###.##..........######
#.###.#######.............#
.## ###.....##.....#.####.#
## ###.#.#.##.(..##.# .##
#.'.._..##.#.###.#
#.###.#.#.#.##.......#
##.#..#.....####@#####
##...####### #{# ##...#
#o.{# ####...#### #.....#
#.........# #.......#
#.........##.....[...#
#..........+.........+
###.....####.........#
#....## ##.......##


You could see an orc.

Vanquished Creatures
  Pikel (D:6)
  Maggie (D:6)
  Sigmund (D:6)
  A fire bat (D:8)
  A steam dragon (D:8)
  A water moccasin (D:8)
  An ice beast (D:6)
  A sky beast (D:7)
  An ogre (D:4)
  A lemure (D:6)
  3 phantoms
  3 weeping skulls (D:4)
  A bullfrog (D:6)
  3 scorpions
  A burial acolyte (D:7)
  A wight (D:4)
  A howler monkey (D:7)
  2 bombardier beetles
  A human zombie (D:4)
  2 jellies (D:5)
  3 hounds
  Crazy Yiuf (D:2)
  5 iguanas
  Natasha (thrice) (D:3)
  Terence (D:3)
  A scorpion zombie (D:4)
  2 orc wizards
  3 hound zombies (D:4)
  3 mummies (D:4)
  7 adders
  2 shadow imps (D:5)
  2 adder zombies (D:7)
  2 dart slugs
  14 orcs
  5 ball pythons
  3 bats
  6 endoplasms
  2 giant cockroaches (D:2)
  4 goblins
  A hobgoblin (D:2)
  4 jackals
  6 kobolds
  A quokka (D:5)
  6 frilled lizards
  A jackal zombie (D:7)
  11 rats
127 creatures vanquished.

Notes
Turn   | Place    | Note
-------+----------+-------------------------------------------
     0 | D:1      | Zeldest the Coglin Gladiator began the quest for the Orb.
     0 | D:1      | Reached XP level 1. HP: 16/16 MP: 1/1
   125 | D:1      | Reached XP level 2. HP: 22/22 MP: 2/2
   596 | D:2      | Reached XP level 3. HP: 27/28 MP: 3/3
   635 | D:2      | Found a runed translucent door.
   636 | D:2      | Noticed Crazy Yiuf
   809 | D:2      | Reached skill level 4 in Long Blades
   809 | D:2      | Reached XP level 4. HP: 34/34 MP: 4/4
  1034 | D:2      | Found a blossoming altar of Fedhas.
  1191 | D:2      | Killed Crazy Yiuf
  1588 | D:3      | Reached XP level 5. HP: 40/40 MP: 5/5
  1592 | D:3      | Noticed Natasha
  1597 | D:3      | Killed Natasha
  1598 | D:3      | Reached skill level 1 in Maces & Flails
  1717 | D:3      | Found a snail-covered altar of Cheibriados.
  1822 | D:3      | Noticed Terence
  1833 | D:3      | Killed Terence
  1843 | D:3      | Reached XP level 6. HP: 34/47 MP: 6/6
  2054 | D:3      | Noticed Natasha
  2060 | D:3      | Killed Natasha
  2066 | D:3      | Noticed Natasha
  2088 | D:3      | Killed Natasha
  2423 | D:4      | Reached XP level 7. HP: 32/51 MP: 7/7
  2762 | D:4      | Found a basalt altar of Yredelemnul.
  2769 | D:4      | Reached skill level 5 in Long Blades
  2821 | D:4      | Reached XP level 8. HP: 60/61 MP: 8/8
  2827 | D:4      | Found a staircase to the Ecumenical Temple.
  2859 | Temple   | Entered the Ecumenical Temple
  3015 | D:4      | Found a hide-covered altar of Uskayaw.
  3032 | D:4      | Reached skill level 5 in Dodging
  3044 | D:4      | Reached skill level 5 in Fighting
  3279 | D:5      | Entered Level 5 of the Dungeon
  3332 | D:5      | Reached skill level 6 in Long Blades
  3630 | D:5      | Found a stormy altar of Qazlal.
  3934 | D:5      | Found a burning altar of Makhleb.
  3943 | D:5      | Identified the +0 robe of the Pink Corner {rC- Regen+
                  | Str+2}
  4087 | D:5      | Found a transporter.
  4136 | D:5      | Found a transporter.
  4249 | D:6      | Found a sacrificial altar of Ru.
  4337 | D:6      | Noticed Pikel
  4351 | D:6      | Killed Pikel
  4352 | D:6      | Reached skill level 7 in Long Blades
  4352 | D:6      | Reached XP level 9. HP: 65/69 MP: 9/9
  4593 | D:6      | Found a bloodstained altar of Trog.
  4651 | D:6      | Noticed Maggie
  4657 | D:6      | Noticed Sigmund
  4671 | D:6      | Killed Maggie
  4672 | D:6      | Reached skill level 8 in Long Blades
  4676 | D:6      | Killed Sigmund
  5475 | D:7      | Found an ancient bone altar of Kikubaaqudgha.
  5558 | D:7      | Found a glowing silver altar of Zin.
  5714 | D:8      | Identified the +1 short sword of Miqep {elec, rElec}
  5870 | D:8      | Reached skill level 9 in Long Blades
  5938 | D:8      | Found an iron altar of Okawaru.
  5989 | D:8      | Noticed Erica
  6003 | D:8      | Slain by Erica

Illustrated notes

Levels and vault maps discovered:
D:1:      mrwooster_arrival_statue, layout_basic, minmay_rat_gold_closets
D:2:      wander_river, layout_rooms, basic_altar, roderic_roman_lattice,
          uniq_crazy_yiuf_cottage
D:3:      layout_loops_cross, slow_altar_1, dk_vineyard_1,
          palyth_stone_intersect, uniq_natasha, uniq_terence
D:4:      layout_rooms, mainiacjoe_overflow_chevrons,
          lemuel_mausoleum_altar_yredelemnul, minmay_temple_entry_arrows
D:5:      gammafunk_cloud_chamber, layout_basic, mainiacjoe_overflow_24_doors,
          bloody_makhleb
D:6:      layout_cave_pools, nicolae_ru_sacrificial_ziggurat,
          mainiacjoe_overflow_tiny_flanked, uniq_maggie, uniq_pikel,
          uniq_sigmund
D:7:      layout_cave_pools, zin_treasury, lemuel_zombie_altar_kikubaaqudgha,
          serial_column_ruins, column_ruins_hut, column_ruins_hut_pillars,
          column_ruins_columns_corner, column_ruins_grid_1,
          column_ruins_columns_corner, column_ruins_open_tiny_water
D:8:      layout_loops_corners, kennysheep_little_box, uniq_erica, uniq_jeremiah
Temple:   nicolae_temple_bog_church

Skill      XL: |  1  2  3  4  5  6  7  8  9 |
---------------+----------------------------+-----
Dodging        | 3 4 5 6 |  6.8
Long Blades    | 4 5 7 9 |  9.2
Fighting       | 3 4 6 7 |  7.1
Maces & Flails | 2 3 |  3.7
Throwing       | |  1.7

Action                     |  1- 3 |  4- 6 |  7- 9 || total
---------------------------+-------+-------+-------++-------
  Melee: Long sword        |    78 |    17 |       ||    95
         Mace              |       |   109 |   208 ||   317
         Unarmed           |       |     2 |       ||     2
         Scimitar          |       |       |   194 ||   194
  Throw: Dart              |       |     1 |       ||     1
  Evoke: Wand              |       |       |     1 ||     1
    Use: Potion            |       |     6 |     4 ||    10
         Scroll            |       |     1 |       ||     1
   Stab: Sleeping          |     1 |     1 |       ||     2
 Armour: Leather armour    |    38 |    35 |       ||    73
         Skin              |       |    27 |       ||    27
         Scale mail        |       |    18 |   102 ||   120
         Swamp dragon scal |       |       |    56 ||    56
  Dodge: Dodged            |    62 |    88 |   111 ||   261

Table legend: (Time is in decaauts)
 A = Elapsed time spent in this place.
 B = Non-inter-level travel time spent in this place.
 C = Inter-level travel time spent in this place.
 D = Time resting spent in this place.
 E = Time spent auto-exploring this place.
 F = Levels seen in this place.
 G = Mean time per level.
                   A        B        C        D        E       F      G
               +--------+--------+--------+--------+--------+-----+--------+
         Total |   6342 |   6200 |    142 |   1120 |   3912 |   9 |  704.7 |
       Dungeon |   6274 |   6132 |    142 |   1120 |   3912 |   8 |  784.2 |
        Temple |     67 |     67 |      0 |      0 |      0 |   1 |   67.0 |
               +--------+--------+--------+--------+--------+-----+--------+

Top non-repeatable levels by time:
     D:4: 1040 daAuts
     D:5: 983 daAuts
     D:3: 944 daAuts
     D:6: 851 daAuts
     D:2: 815 daAuts
     D:1: 639 daAuts
     D:7: 538 daAuts
     D:8: 460 daAuts
  Temple: 67 daAuts
